 Dungeon Crawl Stone Soup version 0.28-a0-533-g9f97627e2a (webtiles) character file.

Game seed: 13726523259191448349

19761 Conn the Arsonist (level 12, -33/79 HPs)
             Began as an Octopode Fire Elementalist on Sept 25, 2021.
             Was a Priest of Sif Muna.
             Killed from afar by Jorgrun (60 damage)
             ... with an iron shot
             ... on level 13 of the Dungeon.
             The game lasted 00:55:22 (14526 turns).

Conn the Arsonist (Octopode Fire Elementalist)     Turns: 14526, Time: 00:55:23

Health: -33/79     AC:  1    Str:  7    XL:     12   Next: 72%
Magic:  19/33      EV: 13    Int: 29    God:    Sif Muna [***...]
Gold:   666        SH:  5    Dex: 12    Spells: 2/28 levels left

rFire   + . .      SeeInvis +   g - +1 dagger (protect)
rCold   . . .      Faith    .   z - +2 buckler
rNeg    . . .      Spirit   .   (helmet restricted)
rPois   +          Reflect  .   r - amulet of regeneration
rElec   .          Harm     .   s - ring of magical power
rCorr   +          Rampage  .   v - +6 ring of intelligence
Will    .....                   y - ring of protection from fire
Stlth   ++++......              L - ring of see invisible
HPRegen 1.23/turn               q - ring of resist corrosion
MPRegen 0.23/turn               (no ring)
                                (no ring)
                                (no ring)

@: very slightly contaminated
A: almost no armour, amphibious, 8 rings, camouflage 1, gelatinous body 1,
(nimble swimmer 1), tentacles, poison resistance, robust 1, subdued magic 1
a: Renounce Religion, Channel Magic, Forget Spell


You were on level 13 of the Dungeon.
You worshipped Sif Muna.
Sif Muna was most pleased with you.
You visited 2 branches of the dungeon, and saw 14 of its levels.

You collected 666 gold pieces.

Inventory:

Hand Weapons
 b - a +4 dagger
 g - a +1 dagger of protection (weapon)
 w - a +3 spear of freezing
 x - the +4 great mace "Dumiesun" {drain, rPois rC- rN+ Int+7}
   (You found it on level 6 of the Dungeon)

   A truly terrible weapon, it drains the life of any living foe it strikes.
   Int:       It affects your intelligence (+7).
   rC:        It makes you vulnerable to cold.
   rPois:     It protects you from poison.
   rN:        It protects you from negative energy.
Missiles
 o - a throwing net
 F - 9 curare-tipped darts
Armour
 z - a +2 buckler (worn)
Jewellery
 k - an amulet of guardian spirit
 q - a ring of resist corrosion (on tentacle)
 r - an amulet of regeneration (around mantle)
 s - a ring of magical power (left tentacle)
 v - a +6 ring of intelligence (right tentacle)
 y - a ring of protection from fire (on tentacle)
 L - a ring of see invisible (on tentacle)
Wands
 d - a wand of iceblast (17)
 i - a wand of polymorph (6)
 C - a wand of paralysis (9)
 D - a wand of acid (16)
 E - a wand of charming (8)
 J - a wand of flame (19)
 N - a wand of digging (10)
Scrolls
 a - 2 scrolls of amnesia
 f - 2 scrolls of fog
 h - a scroll of brand weapon
 j - 3 scrolls of magic mapping
 l - 4 scrolls of teleportation
 m - 3 scrolls of acquirement {unknown}
Potions
 c - a potion of brilliance
 e - a potion of resistance {unknown}
 n - a potion of mutation
 p - a potion of magic {unknown}
 t - a potion of heal wounds
 u - a potion of might
 A - 2 potions of berserk rage
 B - a potion of haste
 G - 2 potions of flight
 H - a potion of invisibility
 I - 2 potions of attraction
 K - 3 potions of curing
 M - a potion of ambrosia {unknown}
 O - a potion of cancellation


   Skills:
 + Level 2.5 Fighting
 + Level 2.1 Short Blades
 + Level 1.4 Maces & Flails
 + Level 4.0 Dodging
 + Level 5.4 Stealth
 + Level 0.3 Unarmed Combat
 + Level 8.6 Spellcasting
 * Level 9.4 Conjurations
 - Level 6.0 Hexes
 - Level 6.5 Translocations
 * Level 11.9 Fire Magic
 * Level 3.0 Invocations
 + Level 0.4 Evocations


You had 2 spell levels left.
You knew the following spells:

 Your Spells              Type           Power      Damage    Failure   Level
a - Foxfire               Conj/Fire      100%       2x1d9     1%          1
b - Conjure Flame         Conj/Fire      55%        6-21      1%          3
c - Inner Flame           Hex/Fire       49%        N/A       1%          3
d - Flame Wave            Conj/Fire      55%        3d10      1%          4
e - Sticky Flame          Conj/Fire      55%        2d7       1%          4
f - Blink                 Tloc           N/A        N/A       1%          2
g - Manifold Assault      Tloc           38%        N/A       12%         5
h - Iskenderun's Mystic   Conj/Tloc      45%        2d10      1%          4

Your spell library contained the following spells:

 Spells                   Type           Power      Damage    Failure   Level
 Scorch                   Fire           100%       2d10      1%          2
 Slow                     Hex            36%        N/A       1%          2
 Static Discharge         Conj/Air       30%        N/A       1%          2
 Ensorcelled Hibernation  Hex/Ice        46%        N/A       2%          2
 Sting                    Tmut/Pois      36%        1d4       6%          1
 Corpse Rot               Necr/Air       N/A        N/A       9%          2
 Poisonous Vapours        Pois/Air       18%        N/A       9%          2
 Confusing Touch          Hex            36%        N/A       1%          3
 Dazzling Flash           Conj/Hex       88%        N/A       1%          3
 Lesser Beckoning         Tloc           38%        N/A       1%          3
 Starburst                Conj/Fire      27%        6d9       12%         6
 Spider Form              Tmut/Pois      4%         N/A       19%         3
 Vampiric Draining        Necr           4%         2d6       19%         3
 Summon Forest            Summ/Tloc      12%        N/A       41%         5
 Animate Dead             Necr           4%         N/A       54%         4
 Dispel Undead            Necr           9%         3d8       54%         4
 Borgnjor's Vile Clutch   Necr/Erth      4%         N/A       88%         5
 Death Channel            Necr           4%         N/A       100%        6
 Eringya's Noxious Bog    Tmut/Pois      4%         N/A       100%        6
 Summon Hydra             Summ           4%         N/A       100%        7


Dungeon Overview and Level Annotations

Branches:
Dungeon (13/15)            Temple (1/1) D:7            Lair (0/6) D:11
    Orc (0/2) D:10
 Vaults: D:13-14

Altars:
Ashenzari
Cheibriados
Dithmenos
Elyvilon
Gozag
Hepliaklqana
Kikubaaqudgha
Makhleb
Nemelex Xobeh
Okawaru
Qazlal
Ru
Sif Muna
Trog
Uskayaw
Vehumet
Wu Jian
Xom
Yredelemnul
Zin
The Shining One
Beogh
Jiyva

Shops:
D:4 :?   D:10 (

Annotations:
D:9 1 transporter
D:10 3 runed translucent doors, Heedrag's ghost, novice MiFi
D:13 Jorgrun


Innate Abilities, Weirdness & Mutations

You cannot wear most types of armour.
You are amphibious.
You can wear up to eight rings at the same time.
Your skin changes colour to match your surroundings (Stealth+).
Your rubbery body absorbs attacks. (AC +1, EV +1)
((You are camouflaged near water. (Stealth+)))
You have tentacles for arms and can constrict up to eight enemies at once.
Your system is resistant to poisons. (rPois)
You are robust. (+10% HP)
Your spells are a little easier to cast, but a little less powerful.


Message History

Confirm with . or Enter, or press ? or * to list all spells.
Aiming: Inner Flame (safe; 1% risk of failure)
Press: ? - help, Shift-Dir - straight line, f/p - Jorgrun
Aim: Jorgrun, wielding a +0 vorpal quarterstaff and wearing a +2 robe of willpower (lightly wounded, constricted by you, wandering, hasn't noticed you, chance to affect: 3%) Jorgrun shouts!
Jorgrun resists with almost no effort.
You constrict Jorgrun. Jorgrun casts a spell at you.
You struggle to resist.
Casting: Inner Flame (safe; 1% risk of failure)
Confirm with . or Enter, or press ? or * to list all spells.
Aiming: Sticky Flame (mildly dangerous; 1% risk of failure)
Press: ? - help, Shift-Dir - straight line, f/p - Jorgrun
Aim: Jorgrun, wielding a +0 vorpal quarterstaff and wearing a +2 robe of willpower (lightly wounded, constricted by you, 100% to hit)
The sticky flame hits Jorgrun.
Jorgrun is lightly wounded.
Jorgrun is covered in liquid flames!
You flicker for a moment.
You constrict Jorgrun.
Jorgrun burns!
Jorgrun gestures next to you while chanting.
The wall shatters!
The blast of rock fragments hits you!!!
Ouch! That really hurt!
* * * LOW HITPOINT WARNING * * *
The blast of rock fragments hits Jorgrun!!
You release your grip on Jorgrun.
Jorgrun burns!
Jorgrun burns!
Casting: Sticky Flame (mildly dangerous; 1% risk of failure)
Confirm with . or Enter, or press ? or * to list all spells.
You blink.
Jorgrun shouts!
Jorgrun burns!
Jorgrun casts a spell at the rock wall.
Some rock shatters into small pieces.
Jorgrun burns!
You flicker back into view.
Jorgrun burns!
Jorgrun burns!
Jorgrun stops burning.
Jorgrun gestures at you while chanting. The iron shot hits you!!!
Ouch! That really hurt!
You die...

## ####.######
##############.....)...#
.............'.(.......#
#########.####.........#
####.##...@......#
#................#
####.#..#.........#
#......g.#.+#######
##..........#
######.##..# ##.#..#
#...# #...


You could see Jorgrun.

Vanquished Creatures
  A very ugly thing (D:10)
  Erolcha (D:9)
  2 tengu warriors
  Sonja (D:11)
  Pikel (D:6)
  An orc knight (D:10)
  5 ugly things
  A gargoyle (D:10)
  An unseen horror (D:11)
  2 tengu conjurers
  3 trolls
  3 hornets
  4 slime creatures (D:12)
  4 shadows
  A vampire (D:9)
  A wyvern (D:9)
  3 wraiths
  22 yaks
  4 vampire mosquitoes (D:11)
  2 acid dragons
  4 water moccasins
  Duvessa (D:7)
  3 orc warriors
  2 black bears (D:11)
  A hornet zombie (D:8)
  2 ice beasts
  2 ogres
  3 centaurs
  4 lemures (D:6)
  A phantom (D:4)
  A kobold brigand (D:9)
  3 gnoll sergeants
  4 bullfrogs
  4 scorpions
  Dowan (D:7)
  9 wights (D:6)
  5 howler monkeys
  An electric eel (D:6)
  2 centaur zombies
  A hound (D:6)
  2 jellies
  A bullfrog skeleton (D:5)
  8 orc priests
  Natasha (thrice) (D:2)
  2 iguanas
  9 orc wizards
  2 hound skeletons
  2 howler monkey zombies (D:6)
  Robin (D:3)
  9 gnolls
  4 adders
  A howler monkey skeleton (D:4)
  A shadow imp (D:8)
  An ufetubus (D:6)
  2 adder skeletons (D:4)
  A worm (D:5)
  4 dart slugs
  39 orcs
  2 bats
  5 endoplasms
  6 giant cockroaches
  25 goblins
  15 hobgoblins
  9 jackals (D:1)
  15 kobolds
  4 quokkas
  6 ball pythons
  4 frilled lizards
  5 rats (D:1)
305 creatures vanquished.

Vanquished Creatures (collateral kills)
  2 foxfires (D:1)
2 creatures vanquished.

Vanquished Creatures (others)
  1083 foxfires
  50 fungi (D:11)
  52 plants (D:11)
1185 creatures vanquished.

Grand Total: 1492 creatures vanquished

Notes
Turn   | Place    | Note
-------+----------+-------------------------------------------
     0 | D:1      | Conn the Octopode Fire Elementalist began the quest for the
                  | Orb.
     0 | D:1      | Reached XP level 1. HP: 11/11 MP: 3/3
    50 | D:1      | Reached XP level 2. HP: 13/17 MP: 0/5
   426 | D:1      | Reached XP level 3. HP: 14/21 MP: 0/6
   563 | D:1      | Found a faded altar of an unknown god.
   621 | D:1      | Got Plato's Almanac of Transmutation
   820 | D:1      | Reached skill level 4 in Fire Magic
  1153 | D:2      | Reached XP level 4. HP: 27/27 MP: 0/7
  1970 | D:2      | Noticed Natasha
  1977 | D:2      | Killed Natasha
  1980 | D:2      | Noticed Natasha
  2002 | D:2      | Killed Natasha
  2003 | D:2      | Reached XP level 5. HP: 12/31 MP: 2/8
  2098 | D:2      | Noticed Natasha
  2105 | D:2      | Killed Natasha
  2568 | D:3      | Noticed Robin
  2607 | D:3      | Killed Robin
  2848 | D:3      | Reached skill level 1 in Short Blades
  2942 | D:3      | Found a white marble altar of Elyvilon.
  3235 | D:3      | Learned a level 2 spell: Blink
  3239 | D:3      | Learned a level 3 spell: Conjure Flame
  3243 | D:3      | Learned a level 3 spell: Inner Flame
  3714 | D:4      | Reached XP level 6. HP: 33/36 MP: 7/9
  4215 | D:4      | Found a radiant altar of Vehumet.
  4226 | D:4      | Reached skill level 5 in Fire Magic
  4293 | D:4      | Found a sacrificial altar of Ru.
  4347 | D:4      | Found Dilot's Book Shoppe.
  4550 | D:4      | Found Penisun's Magic Scroll Boutique.
  4565 | D:4      | Reached skill level 1 in Hexes
  4565 | D:4      | Reached skill level 1 in Translocations
  4565 | D:4      | Reached XP level 7. HP: 16/41 MP: 3/11
  5187 | D:4      | Found a basalt altar of Yredelemnul.
  5273 | D:5      | Entered Level 5 of the Dungeon
  5835 | D:6      | Reached XP level 8. HP: 43/47 MP: 3/12
  5983 | D:6      | Reached skill level 6 in Fire Magic
  6101 | D:6      | Identified the +4 great mace "Dumiesun" {drain, rPois rC-
                  | rN+ Int+7}
  6260 | D:6      | Reached skill level 1 in Fighting
  6366 | D:6      | Noticed Pikel
  6459 | D:6      | Found a glowing golden altar of the Shining One.
  6459 | D:6      | Found a sparkling altar of Nemelex Xobeh.
  6460 | D:6      | Found a shadowy altar of Dithmenos.
  6487 | D:6      | Reached skill level 5 in Conjurations
  6651 | D:6      | Killed Pikel
  6652 | D:6      | Reached skill level 7 in Fire Magic
  6652 | D:6      | Reached XP level 9. HP: 54/54 MP: 15/15
  6806 | D:6      | Found a hide-covered altar of Uskayaw.
  7156 | D:7      | Noticed Duvessa
  7164 | D:7      | Noticed Dowan
  7165 | D:7      | Killed Duvessa
  7166 | D:7      | Reached skill level 5 in Stealth
  7182 | D:7      | Killed Dowan
  7615 | D:7      | Found a staircase to the Ecumenical Temple.
  7624 | Temple   | Entered the Ecumenical Temple
  7652 | Temple   | Became a worshipper of Sif Muna the Loreminder
  7778 | D:7      | Noticed a hornet
  7796 | D:7      | Killed a hornet
  8213 | D:7      | Noticed a hornet
  8218 | D:7      | Killed a hornet
  8219 | D:7      | Reached skill level 8 in Fire Magic
  8485 | D:8      | Noticed a rime drake
  8485 | D:8      | Noticed a rime drake
  8485 | D:8      | Noticed a hornet
  8486 | D:8      | Noticed a rime drake
  8502 | D:8      | Reached skill level 5 in Spellcasting
  8526 | D:8      | Killed a hornet
  8527 | D:8      | Reached XP level 10. HP: 39/60 MP: 5/17
  8583 | D:8      | You fall into a shaft and drop 3 floors!
  8902 | D:11     | Noticed Sonja
  8908 | D:11     | Killed Sonja
  8937 | D:11     | Reached * piety under Sif Muna
  9069 | D:11     | Reached skill level 5 in Translocations
  9173 | D:11     | Reached skill level 9 in Fire Magic
  9182 | D:11     | Reached skill level 5 in Hexes
  9220 | D:11     | Reached XP level 11. HP: 60/65 MP: 1/20
  9588 | D:10     | Entered Level 10 of the Dungeon
  9709 | D:10     | Found Dane's Antique Weapon Boutique.
  9804 | D:10     | Noticed an orc knight
  9816 | D:10     | Killed an orc knight
  9817 | D:10     | Reached skill level 10 in Fire Magic
  9823 | D:10     | Reached ** piety under Sif Muna
 10136 | D:10     | Found a staircase to the Orcish Mines.
 10262 | D:9      | Found a transporter.
 10385 | D:9      | Noticed a glowing orange brain
 10387 | D:9      | Found a viscous altar of Jiyva.
 10438 | D:9      | Noticed Erolcha
 10448 | D:9      | Killed Erolcha
 10606 | D:9      | Reached skill level 1 in Maces & Flails
 10784 | D:9      | Found a hazy altar of Hepliaklqana.
 11167 | D:9      | Learned a level 4 spell: Flame Wave
 11172 | D:9      | Learned a level 4 spell: Sticky Flame
 11178 | D:9      | Learned a level 5 spell: Manifold Assault
 11638 | D:10     | Found a runed translucent gate.
 11639 | D:10     | Found a runed translucent gate.
 11640 | D:10     | Noticed a purple ugly thing
 11641 | D:10     | Found a runed translucent gate.
 11641 | D:10     | Noticed a purple ugly thing
 11641 | D:10     | Noticed a green ugly thing
 11643 | D:10     | Noticed a cyan ugly thing
 11643 | D:10     | Noticed a brown very ugly thing
 11800 | D:10     | Killed a white very ugly thing
 11801 | D:10     | Killed a brown ugly thing
 11811 | D:10     | Killed a white ugly thing
 11827 | D:10     | Killed a white ugly thing
 11828 | D:10     | Reached XP level 12. HP: 72/72 MP: 7/23
 12033 | D:10     | Reached *** piety under Sif Muna
 12034 | D:10     | Reached skill level 11 in Fire Magic
 12071 | D:10     | Found a runed translucent gate.
 12071 | D:10     | Found a runed translucent gate.
 12078 | D:10     | Found a runed translucent gate.
 12078 | D:10     | Noticed Heedrag's ghost (novice MiFi)
 12091 | D:10     | Gained mutation: Your spells are a little easier to cast,
                  | but a little less powerful. [potion of mutation]
 12091 | D:10     | Gained mutation: You are robust. (+10% HP) [potion of
                  | mutation]
 12091 | D:10     | Gained mutation: Your system is resistant to poisons.
                  | (rPois) [potion of mutation]
 12094 | D:10     | Noticed a fire dragon
 12094 | D:10     | a wolf spider changed into a fire dragon
 12122 | D:10     | Noticed a boulder beetle
 12127 | D:10     | a boulder beetle changed into a goliath frog
 12128 | D:10     | Noticed a spark wasp
 12128 | D:10     | a goliath frog changed into a spark wasp
 12197 | D:11     | Found a staircase to the Lair.
 12447 | D:11     | Learned a level 4 spell: Iskenderun's Mystic Blast
 12763 | D:12     | Noticed a tengu warrior
 12770 | D:12     | Killed a tengu warrior
 12771 | D:12     | Reached skill level 1 in Invocations
 13641 | D:12     | Found a sacrificial altar of Ru.
 14258 | D:13     | Noticed a tengu warrior
 14274 | D:13     | Killed a tengu warrior
 14493 | D:13     | Noticed Jorgrun
 14526 | D:13     | Killed from afar by Jorgrun

Illustrated notes

Levels and vault maps discovered:
D:1:      dpeg_arrival_radiant, layout_basic,
          shapermc_ecumenical_altar_rom_forum
D:2:      layout_basic, minmay_goblin_outpost, uniq_natasha
D:3:      layout_basic, mainiacjoe_overflow_alcove_1, uniq_robin
D:4:      layout_loops_corners, nicolae_overflow_hidden_temple,
          nicolae_vehumet_radiance, mainiacjoe_overflow_concentric_impassable,
          serial_shops, nicolae_take_the_stairs, nicolae_wooded_promenade
D:5:      layout_rooms, hex_large
D:6:      layout_cave_pools, kennysheep_mini_moat,
          chequers_temple_overflow_statue_of_worship, minmay_crystal_water,
          minmay_diced_spiral, uniq_pikel
D:7:      layout_layer_cave, temple_fountains, st_stairs_8, uniq_duvessa
D:8:      layout_rooms, special_room [special_room_orc],
          hellmonk_guarded_unrand_zhor, uniq_grum
D:9:      gammafunk_jiyva_shrine, layout_irregular_city, lemuel_round_altar,
          uniq_erolcha
D:10:     layout_gridville, david_orc_5,
          ploomutoo_gammafunk_ghost_potion_laboratory, serial_shops,
          nicolae_shop_crystal
D:11:     layout_irregular_city, due_lair_maze_entry_diamond,
          hellmonk_bongcloud_opening, uniq_sonja
D:12:     layout_irregular_city, nicolae_ru_great_annihilating_truth
D:13:     layout_roguey, hangedman_vaults_entry_quadrant_bands,
          gammafunk_ghost_arena, laboratory, uniq_jorgrun
Temple:   cyrus_circular_temple

Skill      XL: |  1  2  3  4  5  6  7  8  9 10 11 12 |
---------------+-------------------------------------+-----
Fire Magic     | 4 5 7 8 9 10 11 | 11.9
Conjurations   | 2 3 5 6 7 8 9 |  9.4
Stealth        | 3 4 5 |  5.4
Short Blades   | 1 2 |  2.1
Hexes          | 1 3 4 5 6 |  6.0
Translocations | 1 2 3 4 5 6 |  6.5
Spellcasting   | 3 4 5 6 7 8 |  8.6
Fighting       | 1 2 |  2.5
Dodging        | 3 4 |  4.0
Maces & Flails | 1 |  1.4
Invocations    | 3 |  3.0
Unarmed Combat | |  0.3
Evocations     | |  0.4

Action                   |  1- 3 |  4- 6 |  7- 9 | 10-12 || total
-------------------------+-------+-------+-------+-------++-------
Melee: Unarmed           |    10 |     7 |       |       ||    17
       Tentacles         |     5 |    15 |     4 |     8 ||    32
       Constrict         |     8 |    20 |     6 |    13 ||    47
       Dagger            |    29 |    95 |    21 |    47 ||   192
       Punch             |       |     1 |       |       ||     1
       Great mace        |       |       |     4 |    17 ||    21
 Cast: Foxfire           |    51 |    69 |   193 |   328 ||   641
       Inner Flame       |       |     1 |    17 |    74 ||    92
       Conjure Flame     |       |       |     2 |    10 ||    12
       Blink             |       |       |     7 |    11 ||    18
       Sticky Flame      |       |       |       |    15 ||    15
       Manifold Assault  |       |       |       |     3 ||     3
       Iskenderun's Myst |       |       |       |     6 ||     6
Evoke: Wand              |       |       |       |     6 ||     6
  Use: Potion            |       |       |     1 |    11 ||    12
       Scroll            |       |       |       |    19 ||    19
 Stab: Sleeping          |     1 |    12 |     3 |       ||    16
Armor: Skin              |     3 |    16 |     7 |    15 ||    41
Dodge: Dodged            |    34 |    65 |    37 |    80 ||   216
Block: Buckler           |       |       |       |     9 ||     9

Table legend: (Time is in decaauts)
 A = Elapsed time spent in this place.
 B = Non-inter-level travel time spent in this place.
 C = Inter-level travel time spent in this place.
 D = Time resting spent in this place.
 E = Time spent auto-exploring this place.
 F = Levels seen in this place.
 G = Mean time per level.
                   A        B        C        D        E       F      G
               +--------+--------+--------+--------+--------+-----+--------+
         Total |  14528 |  14287 |    241 |   1498 |   9191 |  14 | 1037.7 |
       Dungeon |  14486 |  14258 |    228 |   1498 |   9182 |  13 | 1114.3 |
        Temple |     41 |     28 |     13 |      0 |      9 |   1 |   41.0 |
               +--------+--------+--------+--------+--------+-----+--------+

Top non-repeatable levels by time:
     D:4: 1623 daAuts
    D:11: 1587 daAuts
    D:10: 1518 daAuts
     D:7: 1377 daAuts
    D:12: 1345 daAuts
     D:2: 1298 daAuts
     D:3: 1220 daAuts
     D:1: 1135 daAuts
     D:6: 1067 daAuts
     D:9: 1065 daAuts
     D:5: 725 daAuts
    D:13: 424 daAuts
     D:8: 97 daAuts
  Temple: 41 daAuts
